Unix NetHack Version 3.7.0-71 Work-in-progress - last build Jan 31 2023 02:41:03 (7ba98a1283f2b7cec35fde026edb48fc825ab8ae,branch:master). Game began 2023-02-09 01:16:19, ended 2023-02-09 01:40:41. Gandelf, neutral male human Monk -------------------------------- |..............................| | ------+-----.----..-----...| |. |(%.| |%%.-.-..|--|!%!|...| |. |(.(| |%!.|.|..| |[%!|...| |.. |...|-------.---| |.%[|...| |...--|--...........-+--|---...| |................1......*......| |......1.{.-----@-.{..1........| |..........|.....|.............| |...---|-..|.%)..|.)..-|---....| ... |...|-||.._.1|.-|-|...|---.| |.. |+++|..|.....|.|..|(((| |.| |. |+++|..|------.|..|((?| +.|# ---------- |. --------.......-----------..###### |........| |..............................|# #######..<......| -------------------------------- |........| ---------- Gandelf the Initiate St:17 Dx:12 Co:15 In:10 Wi:13 Ch:9 Neutral S:4244 Dlvl:6 $:274 HP:0(47) Pw:34(34) AC:3 Xp:7/930 T:1663 Hungry Blind Latest messages: You drop a dwarvish cloak. You sold a dwarvish cloak for 25 gold pieces. You see here a soldier ant corpse (for sale, 13 zorkmids). The massive hammer hits! Lightning strikes the straw golem! The straw golem hits! The straw golem hits! The massive hammer hits! Lightning strikes the straw golem! You destroy the straw golem! The dog drops a rock. You see here a rock. The massive hammer hits! Lightning strikes the newt! You kill the newt! You see here a newt corpse. The dog misses the yellow light. s - a newt corpse. You hear some noises in the distance. What do you want to sacrifice? [s or ?*] s Your sacrifice is consumed in a plume of smoke! You hear some noises. The yellow light explodes! You are blinded by a blast of light! You are hit. Wait! There's something there you can't see! It gets angry! "Halt! You're under arrest!" You hear the shrill sound of guards' whistles. You feel an unseen monster! You feel an unseen monster! You feel an unseen monster! You feel an unseen monster! You feel an unseen monster! It hits! You can't see... You feel an unseen monster! You feel an unseen monster! It hits! You feel an unseen monster! You feel an unseen monster! You feel an unseen monster! You hear some noises. It hits! You feel an unseen monster! You feel an unseen monster! It hits! You die... Do you want your possessions identified? [ynq] (y) y Do you want to see your attributes? [ynq] (y) y Do you want an account of creatures vanquished? [ynaq] (y) y Do you want to see your conduct and achievements? [ynq] (y) y Do you want to see the dungeon overview? [ynq] (y) y Inventory: Coins $ - 274 gold pieces Weapons F - 5 +0 crossbow bolts G - a +0 crossbow B - 7 +2 darts I - 8 +1 darts k - 8 +0 darts Y - the rustproof +0 Mjollnir (weapon in hand) Armor q - an uncursed +0 dwarvish iron helm (being worn) a - an uncursed thoroughly rotted +2 pair of leather gloves (being worn) r - an uncursed +0 pair of iron shoes (being worn) b - an uncursed very rotted +1 robe (being worn) Comestibles L - an uncursed slime mold g - 5 uncursed apples f - 4 uncursed food rations i - 4 uncursed fortune cookies Q - an uncursed fortune cookie h - 7 uncursed oranges Z - an uncursed small glob of brown pudding Scrolls d - an uncursed scroll of charging n - an uncursed scroll of remove curse A - an uncursed scroll of stinking cloud C - 2 uncursed scrolls of teleportation Spellbooks W - an uncursed novel named Jingo c - a blessed spellbook of confuse monster U - an uncursed spellbook of create monster V - an uncursed spellbook of detect monsters S - an uncursed spellbook of light T - an uncursed spellbook of magic missile H - an uncursed spellbook of sleep Potions E - an uncursed potion of healing o - an uncursed potion of invisibility e - 3 uncursed potions of water Wands p - a wand of undead turning (0:4) Tools J - a bag of tricks (0:0) u - an uncursed mirror j - an uncursed tin whistle Gems/Stones x - an uncursed worthless piece of green glass N - an uncursed worthless piece of green glass z - a cursed worthless piece of orange glass y - 2 uncursed worthless pieces of red glass Gandelf the Monk's attributes: Background: You were an Initiate, a level 7 male human Monk. You were neutral, on a mission for Chih Sung-tzu who was opposed by Shan Lai Ching (lawful) and Huan Ti (chaotic). You were in the Gnomish Mines, on level 6. You entered the dungeon 1663 turns ago. It was nighttime. You had 930 experience points, 350 more were needed to attain level 8. Your score was 4244 before end-of-game adjustments. Basics: You had 0 out of 47 hit points. You had all 34 energy points (spell power). Your armor class was 3. Your wallet contained 274 zorkmids. Autopickup was on for '$?!+/=' plus thrown. Final Characteristics: Your strength was 17 (limit:18/100). Your dexterity was 12 (limit:18). Your constitution was 15 (limit:18). Your intelligence was 10 (limit:18). Your wisdom was 13 (limit:18). Your charisma was 9 (limit:18). Final Status: You were temporarily blind. You were hungry. You were unencumbered. You were wielding a hammer. You were unskilled in hammer and could have enhanced that. Final Attributes: You were devoutly aligned. You were sleep resistant. You were poison resistant. You would have seen invisible when not blind. You were warned. You were stealthy. You were guarded. You were fast. You were very lucky. You are dead. Miscellaneous: You never encountered a bones level. Total elapsed playing time was 24 minutes and 22 seconds. Major events: Turn 1: Gandelf the neutral male human Monk entered the dungeon 461: entered the Gnomish Mines 484: attained the rank of Novice (level 3) 703: reached Mine Town 1080: attained the rank of Initiate (level 6) 1299: was bestowed with Mjollnir by Chih Sung-tzu 1663: killed by a watchman Vanquished creatures: a small mimic a spotted jelly 5 brown puddings a lizard a dingo a dwarf leader a dust vortex a soldier ant a fog cloud a yellow light 2 gnome leaders 2 gnomish wizards a kobold mummy a ghoul a straw golem a giant ant 4 dwarves 17 hill orcs 4 rothes a centipede a werejackal 2 hobbits 15 manes a yellow mold 11 gnomes a gecko 2 jackals a kobold a goblin a grid bug 4 lichens 5 newts 93 creatures vanquished. No species were genocided or became extinct. Voluntary challenges: You followed a strict vegan diet. You were illiterate. You never engraved Elbereth. You never genocided any monsters. You never polymorphed an object. You never changed form. You used no wishes. Achievements: You entered the Gnomish Mines. You attained the rank of Novice. You entered Minetown. You entered a shop. You entered a temple. You attained the rank of Initiate. The Dungeons of Doom: levels 1 to 3 Level 1: A fountain. Level 2: A sink. Level 3: Stairs down to The Gnomish Mines. The Gnomish Mines: levels 4 to 6 Level 4: Level 5: Level 6: <- You were here. Many shops, a temple to Chih Sung-tzu, some fountains. Final resting place for you, killed by a watchman. Game over: ---------- / \ / REST \ / IN \ / PEACE \ / \ | Gandelf | | 274 Au | | killed by a | | watchman | | | | | | 2023 | *| * * * | * _________)/\\_//(\/(/\)/\//\/|_)_______ Goodbye Gandelf the Monk... You died in The Gnomish Mines on dungeon level 6 with 4217 points, and 274 pieces of gold, after 1663 moves. You were level 7 with a maximum of 47 hit points when you died.